 Dungeon Crawl Stone Soup version 0.30-a0-358-g0d69a1922f (webtiles) character file.

Game seed: 13872774722263413065

12479 p00ps00p the Cleaver (level 11, -24/104 HPs)
             Began as a Hill Orc Fighter on Nov 9, 2022.
             Was an Initiate of Gozag.
             Annihilated by an orc knight
             ... wielding a +0 broad axe
              (35 damage)
             ... on level 2 of the Orcish Mines.
             The game lasted 00:34:04 (13102 turns).

p00ps00p the Cleaver (Hill Orc Fighter)            Turns: 13102, Time: 00:34:04

Health: -24/104    AC:  9    Str: 24    XL:     11   Next: 94%
Magic:  11/11      EV: 10    Int:  8    God:    Gozag
Gold:   2085       SH:  7    Dex: 10    Spells: 10/10 levels left

rFire   . . .      SeeInvis .    u - +2 broad axe
rCold   + . .      Faith    .    c - +1 buckler
rNeg    + . .      Spirit   .    k - +1 ring mail "Vobbatab" {Rampage Drain +Inv Slay+5}
rPois   .          Reflect  .    (no helmet)
rElec   .          Harm     .    p - scarf {shadows}
rCorr   .          Rampage  +    n - +0 pair of gloves {hurl}
Will    .....                    (no boots)
Stlth   ..........               i - amulet of regeneration
HPRegen 1.17/turn                l - ring of positive energy
MPRegen 0.12/turn                E - ring of protection from cold

@: mighty, gold aura, hasted, studying Axes, very quick
A: no striking features
a: Renounce Religion, Evoke Invisibility, Potion Petition, Call Merchant, Bribe
Branch


You were on level 2 of the Orcish Mines.
You worshipped Gozag.
Gozag was most pleased with you.
You visited 3 branches of the dungeon, and saw 13 of its levels.

You collected 2772 gold pieces.
You paid 687 gold pieces to Gozag.

Inventory:

Hand Weapons
 a - a +0 war axe
 o - the +7 dagger "Wicrissarall" {flame, Will+ SInv}
   (You found it on level 2 of the Dungeon)

   It burns those it strikes, dealing additional fire damage.
   SInv:      It lets you see invisible.
   Will:      It increases your willpower.
 u - a +2 broad axe (weapon)
 F - a +0 mace
Missiles
 b - 88 stones (quivered)
 q - 4 curare-tipped darts
 v - 6 javelins
 G - 27 poisoned darts
Armour
 c - a +1 buckler (worn)
 k - the +1 ring mail "Vobbatab" (worn) {Rampage Drain +Inv Slay+5}
   (You found it on level 2 of the Dungeon)

   Slay:      It affects your accuracy & damage with ranged weapons and melee
   (+5).
   +Inv:      It lets you turn invisible.
   Drain:     It drains your maximum health when unequipped.
   Rampage:   It bestows one free step when moving towards enemies.
 n - a +0 pair of gloves of hurling (worn)
 p - a scarf of shadows (worn)
 I - a +1 chain mail of willpower
Jewellery
 g - a ring of positive energy
 i - an amulet of regeneration (around neck)
 l - a ring of positive energy (left hand)
 E - a ring of protection from cold (right hand)
 K - a +4 ring of protection
Wands
 m - a wand of flame (14)
 r - a wand of iceblast (13)
 x - a wand of digging (6)
 z - a wand of charming (9)
Scrolls
 h - a scroll of enchant weapon
 j - a scroll of fog
 w - 3 scrolls of teleportation
 y - a scroll of enchant armour
 B - 2 scrolls of magic mapping
 D - a scroll of identify
 J - 2 scrolls of amnesia
Potions
 d - a potion of might
 e - a potion of magic
 t - 4 potions of flight
 A - 3 potions of attraction
 C - 2 potions of mutation
 H - a potion of brilliance {unknown}
Miscellaneous
 s - a phial of floods


   Skills:
 + Level 11.8 Fighting
 + Level 13.7 Axes
 + Level 10.8 Armour
 + Level 10.9 Shields


You had 10 spell levels left.
You didn't know any spells.
Your spell library contained the following spells:

 Spells                   Type           Power      Damage    Failure   Level
 Apportation              Tloc           0%         N/A       58%         1
 Freeze                   Ice            0%         1d3       58%         1
 Necrotise                Necr           0%         1d4       58%         1
 Summon Small Mammal      Summ           0%         N/A       58%         1
 Cigotuvi's Dreadful Rot  Necr/Pois/Air  0%         N/A       73%         2
 Poisonous Vapours        Pois/Air       0%         N/A       73%         2
 Static Discharge         Conj/Air       0%         2-2/arc   73%         2
 Dazzling Flash           Conj/Hex       0%         N/A       91%         3
 Frozen Ramparts          Ice            0%         1d1       91%         3
 Hailstorm                Conj/Ice       0%         3d3       91%         3
 Mephitic Cloud           Conj/Pois/Air  0%         N/A       91%         3
 Stone Arrow              Conj/Erth      0%         3d7       91%         3
 Vhi's Electric Charge    Tloc/Air       0%         N/A       91%         3
 Airstrike                Air            0%         2d(0-16)  100%        4
 Animate Armour           Summ/Erth      0%         N/A       100%        4
 Passage of Golubria      Tloc           0%         N/A       100%        4
 Summon Lightning Spire   Summ/Air       0%         N/A       100%        4
 Agony                    Necr           0%         N/A       100%        5
 Arcjolt                  Conj/Air       0%         1d10      100%        5
 Borgnjor's Vile Clutch   Necr/Erth      0%         N/A       100%        5
 Lightning Bolt           Conj/Air       0%         1d11      100%        5
 Silence                  Hex/Air        0%         N/A       100%        5
 Death Channel            Necr           0%         N/A       100%        6
 Lehudib's Crystal Spear  Conj/Erth      0%         10d2      100%        8
 Animate Dead             Necr           Unusable   N/A       N/A         4

Dungeon Overview and Level Annotations

Branches:
Dungeon (10/15)            Temple (1/1) D:7            Lair (0/5) D:8
    Orc (2/2) D:10            Elf (0/3) Orc:2

Altars:
Ashenzari
Cheibriados
Dithmenos
Elyvilon
Fedhas
Gozag
Hepliaklqana
Kikubaaqudgha
Makhleb
Nemelex Xobeh
Okawaru
Qazlal
Ru
Sif Muna
Trog
Uskayaw
Vehumet
Wu Jian
Xom
Yredelemnul
Zin
The Shining One
Beogh

Shops:
D:7 !   D:8 (   D:10 *

Annotations:
D:5 2 transporters, quakins's ghost, novice DEHs
D:10 2 transporters, eyols's ghost, journeyman NaIE


Message History

The orc knight goes into a battle-frenzy!
You block the orc knight's attack.
There is a stone staircase leading up, spattered with blood here.
You slash the orc knight!
The orc knight is lightly wounded.
You completely miss the orc knight. You block the orc knight's attack.
The orc knight barely misses you.
You hit the orc knight.
The orc knight is moderately wounded.
You barely miss the orc knight. You block the orc knight's attack.
The orc knight hits you with a +0 great sword!!
You hit the orc knight but do no damage.
The orc knight is moderately wounded.
You slash the orc knight!
The orc knight hits you with a +0 broad axe.
The orc knight roars a battlecry!
The orc knight goes into a battle-frenzy!
You feel very mighty all of a sudden. You block the orc knight's attack.
The orc knight hits you with a +0 great sword!!!
You slash the orc knight!
The orc knight is moderately wounded.
You slash the orc knight!
The orc knight hits you with a +0 broad axe!!
* * * LOW HITPOINT WARNING * * *
The orc knight hits you with a +0 great sword!
* * * LOW HITPOINT WARNING * * *
You feel yourself speed up.
The orc knight hits you but does no damage.
You block the orc knight's attack.
You slice the orc knight!!
The orc knight is severely wounded.
You slash the orc knight! The orc knight closely misses you.
You block the orc knight's attack.
You slice the orc knight!!
You kill the orc knight!
You slash the orc knight!
The orc knight hits you with a +0 broad axe!!
You die...
Your body crumbles into a pile of gold.

......................[..........
#.##.........................#...
.#..[)........................##.
....[...........................#
.................................
.#...............................
###.[.#.[.....................#..
##.............o$.............###
#....#..........@)....#........#
........).....)....)..##......##
).............[)[[[....#.#..#.##
)[[#.#......<.)#...............#
..##.....................#....##
.........................##.###
..........................###.##
...#.....##..#.............#...#
.##...#.......................##


You could see an orc knight (strong).

Vanquished Creatures
  A centaur warrior (D:9)
  A two-headed ogre (D:9)
  An orc high priest (Orc:2)
  An orc knight (Orc:2)
  3 orc sorcerers
  A gargoyle (D:10)
  A komodo dragon (D:8)
  4 trolls
  Grinder (D:6)
  2 hornets
  3 wyverns
  9 yaks
  A steam dragon (D:6)
  2 basilisks (D:8)
  An acid dragon (D:10)
  2 water moccasins
  15 orc warriors
  A sky beast (D:7)
  2 black bears
  2 ice beasts
  3 ogres
  4 centaurs
  4 phantoms
  The ghost of LutherGrant the Shield-Bearer, an amateur VSFi (D:3)
  2 kobold brigands
  5 bullfrogs
  2 scorpions
  A necrophage (D:6)
  A wight (D:7)
  2 howler monkeys
  2 hounds
  3 jellies
  Crazy Yiuf (D:3)
  A gnoll bouda (D:8)
  12 orc priests
  Jessica (D:2)
  An iguana (D:7)
  18 orc wizards
  7 gnolls
  9 adders
  2 shadow imps (D:6)
  6 white imps
  An ufetubus (D:5)
  4 dart slugs
  50 orcs
  4 bats
  7 endoplasms
  4 giant cockroaches
  5 goblins
  5 hobgoblins
  6 jackals
  15 kobolds
  4 quokkas
  7 ball pythons
  4 frilled lizards
  A rat (D:1)
259 creatures vanquished.

Vanquished Creatures (others)
  A basilisk (D:8)
  A swamp drake (D:8)
  An orc wizard (Orc:2)
  A plant (D:4)
4 creatures vanquished.

Grand Total: 263 creatures vanquished

Notes
Turn   | Place    | Note
-------+----------+-------------------------------------------
     0 | D:1      | p00ps00p the Hill Orc Fighter began the quest for the Orb.
     0 | D:1      | Reached XP level 1. HP: 19/19 MP: 1/1
   129 | D:1      | Reached XP level 2. HP: 27/27 MP: 2/2
   149 | D:1      | Reached skill level 3 in Axes
   442 | D:1      | Reached XP level 3. HP: 33/33 MP: 3/3
   690 | D:2      | Identified the +1 ring mail "Vobbatab" {Rampage Drain +Inv
                  | Slay+5}
   732 | D:2      | Noticed Jessica
   743 | D:2      | Killed Jessica
   744 | D:2      | Reached XP level 4. HP: 17/40 MP: 4/4
   881 | D:2      | Identified the +7 dagger "Wicrissarall" {flame, Will+ SInv}
  1329 | D:3      | Found a runed translucent door.
  1333 | D:3      | Noticed LutherGrant's ghost (amateur VSFi)
  1377 | D:3      | Found a runed translucent door.
  1377 | D:3      | Noticed a bullfrog
  1659 | D:3      | Found a large runed translucent door.
  1663 | D:3      | Found a large runed translucent door.
  1688 | D:3      | Found an opulent altar of Gozag.
  1695 | D:3      | Became a worshipper of Gozag Ym Sagoz the Greedy
  1701 | D:3      | Found an ornate altar of the Wu Jian Council.
  1858 | D:3      | Found a runed translucent door.
  1859 | D:3      | Noticed Crazy Yiuf
  2125 | D:3      | Found a sparkling altar of Nemelex Xobeh.
  2495 | D:3      | Killed Crazy Yiuf
  2496 | D:3      | Reached skill level 4 in Axes
  2496 | D:3      | Reached XP level 5. HP: 29/46 MP: 5/5
  3003 | D:3      | Killed LutherGrant's ghost
  3004 | D:3      | Reached skill level 5 in Fighting
  3004 | D:3      | Reached XP level 6. HP: 54/56 MP: 6/6
  3160 | D:4      | Reached skill level 5 in Axes
  3204 | D:4      | Reached skill level 5 in Armour
  3204 | D:4      | Reached skill level 5 in Shields
  3343 | D:4      | Reached XP level 7. HP: 54/61 MP: 7/7
  3867 | D:5      | Entered Level 5 of the Dungeon
  4167 | D:5      | Found a transporter.
  4173 | D:5      | Reached skill level 6 in Axes
  4198 | D:5      | Found a transporter.
  4221 | D:5      | Noticed quakins's ghost (novice DEHs)
  4272 | D:5      | Reached XP level 8. HP: 71/71 MP: 8/8
  4306 | D:5      | Identified the +8 great mace of the Nexus {vorpal, rPois
                  | rN+ Dex-4}
  4328 | D:6      | Noticed Grinder
  4337 | D:6      | Killed Grinder
  4404 | D:6      | Reached skill level 7 in Axes
  4953 | D:6      | Reached XP level 9. HP: 48/79 MP: 9/9
  4964 | D:6      | Reached skill level 8 in Axes
  6491 | D:7      | Reached skill level 9 in Axes
  6573 | D:7      | Found a staircase to the Ecumenical Temple.
  6824 | D:7      | Found Wesuangi's Distillery.
  7147 | Temple   | Entered the Ecumenical Temple
  7527 | D:8      | Reached XP level 10. HP: 82/91 MP: 10/10
  8306 | D:8      | Reached skill level 10 in Axes
  8394 | D:8      | Found a staircase to the Lair.
  8570 | D:8      | Reached skill level 10 in Fighting
  9009 | D:9      | Noticed a two-headed ogre
  9017 | D:9      | HP: 2/93 [two-headed ogre/+0 giant spiked club (26)]
  9021 | D:9      | Killed a two-headed ogre
  9118 | D:9      | Noticed a centaur warrior
  9131 | D:9      | Killed a centaur warrior
  9132 | D:9      | Reached skill level 11 in Axes
  9132 | D:9      | Reached XP level 11. HP: 19/101 MP: 11/11
  9146 | D:9      | Identified a scroll of acquirement
  9146 | D:9      | Acquired a manual of Axes
  9699 | D:10     | Entered Level 10 of the Dungeon
  9699 | D:10     | Found a transporter.
  9706 | D:10     | Noticed a moth of wrath
  9741 | D:10     | Found a transporter.
  9766 | D:10     | Reached skill level 10 in Shields
  9771 | D:10     | Reached skill level 10 in Armour
 10157 | D:10     | Found Ucoudoyff's General Store.
 10694 | D:10     | Found a hazy altar of Hepliaklqana.
 10728 | D:10     | Found a staircase to the Orcish Mines.
 10839 | D:10     | Noticed eyols's ghost (journeyman NaIE)
 10920 | Orc:1    | Entered Level 1 of the Orcish Mines
 10930 | D:10     | Reached skill level 12 in Axes
 11168 | Orc:1    | Found a roughly hewn altar of Beogh.
 11406 | Orc:2    | Entered Level 2 of the Orcish Mines
 11814 | Orc:2    | Noticed an orc sorcerer
 11833 | Orc:1    | Killed an orc sorcerer
 12180 | Orc:2    | Found a staircase to the Elven Halls.
 12231 | Orc:2    | Noticed an orc sorcerer
 12237 | Orc:2    | Killed an orc sorcerer
 12238 | Orc:2    | Reached skill level 13 in Axes
 12471 | Orc:2    | Noticed an orc sorcerer
 12584 | Orc:1    | Killed an orc sorcerer
 12839 | Orc:2    | Noticed an orc high priest
 12846 | Orc:2    | Noticed an orc knight
 12852 | Orc:2    | Noticed an orc knight
 12854 | Orc:2    | Killed an orc high priest
 13102 | Orc:2    | Killed an orc knight
 13102 | Orc:2    | Annihilated by an orc knight

Illustrated notes

Levels and vault maps discovered:
D:1:      matt_arrival_diagonals, layout_basic
D:2:      layout_basic, uniq_jessica
D:3:      layout_basic, jmf_multi_god_temple2, nemelex_diamond_rough_becter,
          ebering_ghost_sewer_f, nicolae_elevator_lobby_asterisk,
          uniq_crazy_yiuf_cottage
D:4:      layout_loops_ring, serial_bayou_pond_c
D:5:      layout_rooms, gammafunk_ghost_smash
D:6:      layout_layer_cave, uniq_grinder
D:7:      layout_basic, minmay_temple_entry_drinking_statues, serial_shops,
          shop, nicolae_eternal_life, st_stairs_12
D:8:      layout_cave_pools, erik_lair_dragon, kennysheep_generic_room_16
D:9:      layout_roguey
D:10:     layout_basic, mainiacjoe_overflow_alcove_1, orc_0_dummy,
          gammafunk_ghost_berserking_beasts, serial_shops,
          nicolae_shop_behind_doors
Temple:   regret_index_temple_chain_breaker
Orc:1:    layout_caves, basic_altar
Orc:2:    st_orc_elflike, layout_caves

Skill      XL: |  1  2  3  4  5  6  7  8  9 10 11 |
---------------+----------------------------------+-----
Axes           | 3 4 5 6 7 9 11 13 | 13.7
Fighting       | 4 5 6 7 9 10 11 | 11.8
Armour         | 4 5 6 8 9 10 | 10.8
Shields        | 4 5 6 8 9 10 | 10.9

Action                   |  1- 3 |  4- 6 |  7- 9 | 10-12 || total
-------------------------+-------+-------+-------+-------++-------
Melee: War axe           |    75 |     3 |       |       ||    78
       Dagger            |       |    95 |   239 |    34 ||   368
       Broad axe         |       |       |       |   292 ||   292
Throw: Stone             |       |       |     4 |     3 ||     7
Invok: Call Merchant     |       |       |       |     1 ||     1
Evoke: Wand              |       |       |     4 |     1 ||     5
  Use: Scroll            |       |    10 |     4 |    17 ||    31
       Potion            |       |       |     2 |    11 ||    13
 Stab: Distracted        |       |       |       |     1 ||     1
       Invisible         |       |       |       |     1 ||     1
Armor: Scale mail        |    41 |       |       |       ||    41
       Ring mail         |     4 |    33 |   114 |   122 ||   273
Dodge: Dodged            |    38 |    27 |   126 |   155 ||   346
Block: Buckler           |    19 |    14 |   101 |    92 ||   226

Table legend: (Time is in decaauts)
 A = Elapsed time spent in this place.
 B = Non-inter-level travel time spent in this place.
 C = Inter-level travel time spent in this place.
 D = Time resting spent in this place.
 E = Time spent auto-exploring this place.
 F = Levels seen in this place.
 G = Mean time per level.
                   A        B        C        D        E       F      G
               +--------+--------+--------+--------+--------+-----+--------+
         Total |  13207 |  12378 |    829 |   3452 |   6261 |  13 | 1015.9 |
       Dungeon |  11318 |  10521 |    797 |   2832 |   5577 |  10 | 1131.8 |
        Temple |    170 |    150 |     20 |      0 |    134 |   1 |  170.0 |
  Orcish Mines |   1718 |   1707 |     11 |    620 |    550 |   2 |  859.0 |
               +--------+--------+--------+--------+--------+-----+--------+

Top non-repeatable levels by time:
     D:3: 1866 daAuts
    D:10: 1698 daAuts
     D:8: 1495 daAuts
     D:6: 1480 daAuts
   Orc:2: 1021 daAuts
     D:4: 967 daAuts
     D:7: 935 daAuts
     D:9: 882 daAuts
     D:1: 766 daAuts
     D:2: 730 daAuts
   Orc:1: 697 daAuts
     D:5: 495 daAuts
  Temple: 170 daAuts
